| TOP OF THE 1ST |
|
Iowa Cubs batting - Pitching for Las Vegas 51s : RHP Austin Kuhn
|
|
Pitching: RHP Austin Kuhn
|
|
|
Batting: RHB Jason Ostrom
|
0-0: Ground out 6-3 (Groundball, 6, EV 84.4 MPH)
|
|
Batting: RHB Brian Gargis
|
0-0: Called Strike 0-1: Foul Ball, location: 2F 0-2: Ball 1-2: SINGLE (Line Drive, 89S, EV 106.2 MPH)
|
|
Batting: SHB Art Kent
|
0-0: Ball 1-0: Ball 2-0: Ball 3-0: Base on Balls Brian Gargis to second
|
|
Batting: RHB Adam O'Hare
|
0-0: Ball 1-0: Ball 2-0: Ball 3-0: Called Strike 3-1: Base on Balls Brian Gargis to third Art Kent to second
|
|
Batting: RHB Sung-hwan Jung
|
0-0: Called Strike 0-1: Ground out 5-3 (Groundball, 56S, EV 75.6 MPH) Brian Gargis scores Art Kent to third Adam O'Hare to second
|
|
Batting: RHB Andy Wasierski
|
0-0: Ball 1-0: Called Strike 1-1: Ball 2-1: Foul Ball, location: 2F 2-2: Ground out 6-3 (Groundball, 6, EV 102.5 MPH)
|
| Top of the 1st over - 1 run, 1 hit, 0 errors, 2 left on base; Iowa 1 - Las Vegas 0 |
| BOTTOM OF THE 1ST |
|
Las Vegas 51s batting - Pitching for Iowa Cubs : RHP Arnaldo Cardamenho
|
|
Pitching: RHP Arnaldo Cardamenho
|
|
|
Batting: LHB Jose Chavez
|
0-0: Ball 1-0: Called Strike 1-1: Foul Ball, location: 2F 1-2: Ball 2-2: Fly out, F9 (Flyball, 89M, EV 91.2 MPH)
|
|
Batting: SHB Jason Evans
|
0-0: Ball 1-0: Ground out 4-3 (Groundball, 4, EV 108.1 MPH)
|
|
Batting: RHB Josh Jones
|
0-0: Fly out, F8 (Flyball, 8LS, EV 88.1 MPH)
|
| Bottom of the 1st over - 0 runs, 0 hits, 0 errors, 0 left on base; Iowa 1 - Las Vegas 0 |
| TOP OF THE 2ND |
|
Iowa Cubs batting - Pitching for Las Vegas 51s : RHP Austin Kuhn
|
|
Batting: RHB Tony Mendez
|
0-0: Ball 1-0: Called Strike 1-1: Ball 2-1: Ball 3-1: Base on Balls
|
|
Batting: RHB Adam Kelliher
|
0-0: Called Strike Tony Mendez steals 2nd base (no throw) 0-1: Ball 1-1: Ball 2-1: SINGLE (Line Drive, 8LS, EV 100.6 MPH) Tony Mendez to third Runner from 3rd tries for Home, SAFE, throw by CF to home
|
|
Batting: SHB Nick Chandler
|
0-0: Ball 1-0: Called Strike 1-1: Ball 2-1: Swinging Strike 2-2: Strikes out swinging
|
|
Batting: RHB Jason Ostrom
|
0-0: Called Strike Adam Kelliher steals 2nd base 0-1: Ball 1-1: Ground out 1-3 (Groundball, 25, EV 64.4 MPH)
|
|
Batting: RHB Brian Gargis
|
0-0: Ball Adam Kelliher steals 3rd base 1-0: Foul Ball, location: 2F 1-1: Ball 2-1: Called Strike 2-2: Ball 3-2: Ground out 5-3 (Groundball, 56S, EV 88.8 MPH)
|
| Top of the 2nd over - 1 run, 1 hit, 0 errors, 1 left on base; Iowa 2 - Las Vegas 0 |
| BOTTOM OF THE 2ND |
|
Las Vegas 51s batting - Pitching for Iowa Cubs : RHP Arnaldo Cardamenho
|
|
Batting: RHB Billy Walker
|
0-0: Ball 1-0: Ball 2-0: Called Strike 2-1: Foul Ball, location: 2F 2-2: Foul Ball, location: 2F 2-2: Strikes out swinging
|
|
Batting: RHB Masaya Nakamura
|
0-0: SINGLE (Groundball, 3D, EV 100.0 MPH)
|
|
Batting: RHB Mike Phillips
|
0-0: Called Strike 0-1: Ball 1-1: Foul Ball, location: 2F 1-2: Ball 2-2: Grounds into double play, 6-4-3 (Groundball, 6, EV 84.4 MPH)
|
| Bottom of the 2nd over - 0 runs, 1 hit, 0 errors, 0 left on base; Iowa 2 - Las Vegas 0 |
| TOP OF THE 3RD |
|
Iowa Cubs batting - Pitching for Las Vegas 51s : RHP Austin Kuhn
|
|
Batting: SHB Art Kent
|
0-0: Called Strike 0-1: Ball 1-1: Ball 2-1: Foul Ball, location: 2F 2-2: Fly out, F7 (Line Drive, 7, EV 91.9 MPH)
|
|
Batting: RHB Adam O'Hare
|
0-0: Called Strike 0-1: Called Strike 0-2: Foul Ball, location: 2F 0-2: Strikes out swinging
|
|
Batting: RHB Sung-hwan Jung
|
0-0: Ball 1-0: Called Strike 1-1: Fly out, F8 (Flyball, 8RM, EV 96.2 MPH)
|
| Top of the 3rd over - 0 runs, 0 hits, 0 errors, 0 left on base; Iowa 2 - Las Vegas 0 |
| BOTTOM OF THE 3RD |
|
Las Vegas 51s batting - Pitching for Iowa Cubs : RHP Arnaldo Cardamenho
|
|
Batting: RHB Bobby Coulombe
|
0-0: Foul Ball, location: 2F 0-1: Called Strike 0-2: Ball 1-2: Ball 2-2: Foul Ball, location: 2F 2-2: Foul Ball, location: 2F 2-2: Ball 3-2: Strikes out swinging
|
|
Batting: LHB Elmo Dreier
|
0-0: Foul Ball, location: 2F 0-1: Ball 1-1: Called Strike 1-2: Foul Ball, location: 2F 1-2: Ball 2-2: Strikes out swinging
|
|
Batting: RHB Larry Shoop
|
0-0: Called Strike 0-1: DOUBLE (Line Drive, 89D, EV 113.8 MPH)
|
|
Batting: LHB Jose Chavez
|
0-0: Ball 1-0: Ball 2-0: Foul Ball, location: 2F 2-1: Ball 3-1: Base on Balls
|
|
Batting: SHB Jason Evans
|
0-0: Ball 1-0: Swinging Strike 1-1: Ball 2-1: SINGLE (Line Drive, 34, EV 95.6 MPH) Larry Shoop to third Jose Chavez to second
|
|
Batting: RHB Josh Jones
|
0-0: Ball 1-0: Ground out 1-3 (Groundball, 13S, EV 72.5 MPH)
|
| Bottom of the 3rd over - 0 runs, 2 hits, 0 errors, 3 left on base; Iowa 2 - Las Vegas 0 |
| TOP OF THE 4TH |
|
Iowa Cubs batting - Pitching for Las Vegas 51s : RHP Austin Kuhn
|
|
Batting: RHB Andy Wasierski
|
0-0: Ball 1-0: Ball 2-0: Swinging Strike 2-1: Foul Ball, location: 2F 2-2: Foul Ball, location: 2F 2-2: Fly out, F9 (Flyball, 9S, EV 90.0 MPH)
|
|
Batting: RHB Tony Mendez
|
0-0: Ball 1-0: Called Strike 1-1: Ball 2-1: Ball 3-1: Called Strike 3-2: Strikes out swinging
|
|
Batting: RHB Adam Kelliher
|
0-0: Called Strike 0-1: Fly out, F7 (Line Drive, 7S, EV 91.9 MPH)
|
| Top of the 4th over - 0 runs, 0 hits, 0 errors, 0 left on base; Iowa 2 - Las Vegas 0 |
| BOTTOM OF THE 4TH |
|
Las Vegas 51s batting - Pitching for Iowa Cubs : RHP Arnaldo Cardamenho
|
|
Batting: RHB Billy Walker
|
0-0: Swinging Strike 0-1: Foul Ball, location: 2F 0-2: Ball 1-2: Foul Ball, location: 2F 1-2: Ball 2-2: SINGLE (Line Drive, 6MD, EV 95.6 MPH)
|
|
Batting: RHB Masaya Nakamura
|
0-0: Ball 1-0: Foul Ball, location: 2F 1-1: Ball 2-1: Called Strike 2-2: Strikes out swinging
|
|
Batting: RHB Mike Phillips
|
0-0: Ball Billy Walker steals 2nd base 1-0: Ground out 4-3 (Groundball, 34D, EV 88.8 MPH) Billy Walker to third
|
|
Batting: RHB Bobby Coulombe
|
0-0: Ball 1-0: Foul Ball, location: 2F 1-1: Ball 2-1: Foul Ball, location: 2F 2-2: Ball 3-2: Strikes out swinging
|
| Bottom of the 4th over - 0 runs, 1 hit, 0 errors, 1 left on base; Iowa 2 - Las Vegas 0 |
| TOP OF THE 5TH |
|
Iowa Cubs batting - Pitching for Las Vegas 51s : RHP Austin Kuhn
|
|
Batting: SHB Nick Chandler
|
0-0: Ball 1-0: Foul Ball, location: 2F 1-1: Ground out 4-3 (Groundball, 4, EV 97.5 MPH)
|
|
Batting: RHB Jason Ostrom
|
0-0: Ground out 1-3 (Groundball, 34S, EV 69.4 MPH)
|
|
Batting: RHB Brian Gargis
|
0-0: Called Strike 0-1: Foul Ball, location: 2F 0-2: Ball 1-2: Ball 2-2: Ball 3-2: DOUBLE (Line Drive, 8RXD, EV 104.4 MPH)
|
|
Batting: SHB Art Kent
|
0-0: Called Strike Brian Gargis steals 3rd base (no throw) 0-1: Ball 1-1: Foul Ball, location: 2F 1-2: Strikes out looking
|
| Top of the 5th over - 0 runs, 1 hit, 0 errors, 1 left on base; Iowa 2 - Las Vegas 0 |
| BOTTOM OF THE 5TH |
|
Las Vegas 51s batting - Pitching for Iowa Cubs : RHP Arnaldo Cardamenho
|
|
Batting: LHB Elmo Dreier
|
0-0: Called Strike 0-1: Called Strike 0-2: Ground out 3-1 (Groundball, 34S, EV 81.9 MPH)
|
|
Batting: RHB Larry Shoop
|
0-0: Called Strike 0-1: Ball 1-1: Foul Ball, location: 2F 1-2: Strikes out looking
|
|
Batting: LHB Jose Chavez
|
0-0: Fly out, F7 (Flyball, 7D, EV 106.2 MPH)
|
| Bottom of the 5th over - 0 runs, 0 hits, 0 errors, 0 left on base; Iowa 2 - Las Vegas 0 |
| TOP OF THE 6TH |
|
Iowa Cubs batting - Pitching for Las Vegas 51s : RHP Austin Kuhn
|
|
Batting: RHB Adam O'Hare
|
0-0: Ball 1-0: Swinging Strike 1-1: Ball 2-1: Ball 3-1: Called Strike 3-2: SINGLE (Groundball, 56D, EV 103.1 MPH)
|
|
Batting: RHB Sung-hwan Jung
|
0-0: Fly out, F9 (Flyball, 89M, EV 89.4 MPH)
|
|
Batting: RHB Andy Wasierski
|
0-0: Called Strike 0-1: Ball Adam O'Hare steals 2nd base 1-1: Ground out 6-3 (Groundball, 6, EV 90.0 MPH) Adam O'Hare to third
|
|
Batting: RHB Tony Mendez
|
0-0: Foul Ball, location: 2F 0-1: Ball 1-1: Swinging Strike 1-2: Ball 2-2: Ball 3-2: Base on Balls
|
|
Pitching: RHP Matt Bennett
|
|
|
Batting: RHB Adam Kelliher
|
0-0: Called Strike Tony Mendez steals 2nd, throwing error, E2 Adam O'Hare scores Tony Mendez to third 0-1: Ball 1-1: Fly out, F8 (Line Drive, 89D, EV 92.5 MPH)
|
| Top of the 6th over - 1 run, 1 hit, 1 error, 1 left on base; Iowa 3 - Las Vegas 0 |
| BOTTOM OF THE 6TH |
|
Las Vegas 51s batting - Pitching for Iowa Cubs : RHP Arnaldo Cardamenho
|
|
Batting: SHB Jason Evans
|
0-0: Ball 1-0: Foul Ball, location: 2F 1-1: Ground out 6-3 (Groundball, 6, EV 103.8 MPH)
|
|
Pitching: RHP Chris Allen
|
|
|
Batting: RHB Josh Jones
|
0-0: Ground out 6-3 (Groundball, 6, EV 89.4 MPH)
|
|
Batting: RHB Billy Walker
|
0-0: Ground out 5-3 (Groundball, 56S, EV 84.4 MPH)
|
| Bottom of the 6th over - 0 runs, 0 hits, 0 errors, 0 left on base; Iowa 3 - Las Vegas 0 |
| TOP OF THE 7TH |
|
Iowa Cubs batting - Pitching for Las Vegas 51s : RHP Matt Bennett
|
|
Batting: SHB Nick Chandler
|
0-0: Ball 1-0: Foul Ball, location: 2F 1-1: Foul Ball, location: 2F 1-2: Strikes out swinging
|
|
Batting: RHB Jason Ostrom
|
0-0: Called Strike 0-1: Called Strike 0-2: Foul Ball, location: 2F 0-2: Strikes out swinging
|
|
Batting: RHB Brian Gargis
|
0-0: Called Strike 0-1: Ball 1-1: Foul Ball, location: 2F 1-2: Ball 2-2: Fly out, F8 (Line Drive, 8RD, EV 91.9 MPH)
|
| Top of the 7th over - 0 runs, 0 hits, 0 errors, 0 left on base; Iowa 3 - Las Vegas 0 |
| BOTTOM OF THE 7TH |
|
Las Vegas 51s batting - Pitching for Iowa Cubs : RHP Chris Allen
|
|
Batting: RHB Masaya Nakamura
|
0-0: Ball 1-0: Foul Ball, location: 2F 1-1: Ball 2-1: Called Strike 2-2: SINGLE (Groundball, 56D, EV 102.5 MPH)
|
|
Batting: RHB Mike Phillips
|
0-0: Fielders Choice at 2nd, 5-4 (Groundball, 56S, EV 86.9 MPH)
|
|
Batting: RHB Bobby Coulombe
|
0-0: SINGLE (Groundball, 5S, EV 57.5 MPH) (infield hit) Mike Phillips to second
|
|
Pinch Runner at 1st Adam Hairston:
|
|
|
Batting: LHB Elmo Dreier
|
0-0: Called Strike 0-1: Ball 1-1: Grounds into double play, 4-6-3 (Groundball, 4, EV 88.1 MPH)
|
| Bottom of the 7th over - 0 runs, 2 hits, 0 errors, 1 left on base; Iowa 3 - Las Vegas 0 |
| TOP OF THE 8TH |
|
Iowa Cubs batting - Pitching for Las Vegas 51s : RHP Matt Bennett
|
|
Now at 3B: Gang-sheng Chew
|
|
|
Now in LF: Jose Chavez
|
|
|
Now in RF: Jason Evans
|
|
|
Batting: SHB Art Kent
|
0-0: Ball 1-0: Ball 2-0: Ball 3-0: Ground out 4-3 (Groundball, 4M, EV 88.8 MPH)
|
|
Batting: RHB Adam O'Hare
|
0-0: Foul Ball, location: 2F 0-1: Foul Ball, location: 2F 0-2: Ball 1-2: Strikes out swinging
|
|
Batting: RHB Sung-hwan Jung
|
0-0: Foul Ball, location: 2F 0-1: Ball 1-1: Foul Ball, location: 2F 1-2: Strikes out swinging
|
| Top of the 8th over - 0 runs, 0 hits, 0 errors, 0 left on base; Iowa 3 - Las Vegas 0 |
| BOTTOM OF THE 8TH |
|
Las Vegas 51s batting - Pitching for Iowa Cubs : RHP Chris Allen
|
|
Batting: RHB Larry Shoop
|
0-0: Ball 1-0: Ball 2-0: Ground out 6-3 (Groundball, 6, EV 105.0 MPH)
|
|
Batting: LHB Jose Chavez
|
0-0: Called Strike 0-1: Ball 1-1: Foul Ball, location: 2F 1-2: SINGLE (Groundball, 23, EV 74.4 MPH) (infield hit)
|
|
Batting: SHB Jason Evans
|
0-0: Foul Ball, location: 2F 0-1: SINGLE (Groundball, 4MD, EV 103.1 MPH) Jose Chavez to second
|
|
Batting: RHB Josh Jones
|
0-0: Called Strike 0-1: Swinging Strike 0-2: Strikes out swinging
|
|
Batting: RHB Billy Walker
|
0-0: Fielders Choice at 2nd, 5-4 (Groundball, 56, EV 93.8 MPH)
|
| Bottom of the 8th over - 0 runs, 2 hits, 0 errors, 2 left on base; Iowa 3 - Las Vegas 0 |
| TOP OF THE 9TH |
|
Iowa Cubs batting - Pitching for Las Vegas 51s : RHP Matt Bennett
|
|
Pitching: LHP Ryan Price
|
|
|
Batting: RHB Andy Wasierski
|
0-0: Fly out, F7 (Line Drive, 7S, EV 93.8 MPH)
|
|
Batting: RHB Tony Mendez
|
0-0: Ball 1-0: SOLO HOME RUN (Flyball, 89XD, EV 103.8 MPH), Distance : 411 ft
|
|
Batting: RHB Adam Kelliher
|
0-0: Ball 1-0: Ball 2-0: Ball 3-0: Called Strike 3-1: Fly out, F9 (Line Drive, 9S, EV 93.8 MPH)
|
|
Batting: SHB Nick Chandler
|
0-0: Hit by Pitch
|
|
Batting: RHB Jason Ostrom
|
0-0: Swinging Strike 0-1: Ball Passed Ball! Nick Chandler to second 1-1: Ball 2-1: Called Strike 2-2: Strikes out swinging
|
| Top of the 9th over - 1 run, 1 hit, 0 errors, 1 left on base; Iowa 4 - Las Vegas 0 |
| BOTTOM OF THE 9TH |
|
Las Vegas 51s batting - Pitching for Iowa Cubs : RHP Chris Allen
|
|
Pitching: LHP Nate George
|
|
|
Batting: RHB Masaya Nakamura
|
0-0: Called Strike 0-1: Ball 1-1: Swinging Strike 1-2: Strikes out swinging
|
|
Batting: RHB Mike Phillips
|
0-0: Foul Ball, location: 2F 0-1: Swinging Strike 0-2: Ball 1-2: Ball 2-2: Foul Ball, location: 2F 2-2: Strikes out swinging
|
|
Batting: RHB Gang-sheng Chew
|
0-0: Ground out 5-3 (Groundball, 56, EV 88.1 MPH)
|
| Bottom of the 9th over - 0 runs, 0 hits, 0 errors, 0 left on base; Iowa 4 - Las Vegas 0 |
|